 Dungeon Crawl Stone Soup version 0.28-a0-529-g3bad584f25 (webtiles) character file.

Game seed: 11301177293509664482

4109 peenler the Carver (level 9, -2/71 (75) HPs)
             Began as a Demigod Fighter on Sept 24, 2021.
             Slain by a wight (5 damage)
             ... on level 8 of the Dungeon.
             The game lasted 00:24:53 (7384 turns).

peenler the Carver (Demigod Fighter)                Turns: 7384, Time: 00:24:53

HP:   -2/71 (75)    AC: 14    Str: 35    XL:     9   Next: 78%
MP:   0/11          EV:  7    Int: 10    God:
Gold: 471           SH: 13    Dex: 13    Spells: 8/8 levels left

rFire   + . .      SeeInvis .   a - +0 long sword (spect)
rCold   + . .      Faith    .   B - +4 kite shield "Xicw" {rPois rF+ rN+}
rNeg    + . .      Spirit   +   v - +0 plate armour
rPois   +          Reflect  .   (no helmet)
rElec   .          Harm     .   (no cloak)
rCorr   .          Rampage  .   E - +0 pair of gloves of Autotheism {rC+}
Will    .....                   (no boots)
Stlth   ..........              n - amulet of guardian spirit
HPRegen 0.21/turn               m - +6 ring of strength
MPRegen 0.12/turn               q - ring of wizardry

@: drained
A: high mp 1, forlorn
a: no special abilities


You were on level 8 of the Dungeon.
You visited 1 branch of the dungeon, and saw 8 of its levels.

You collected 471 gold pieces.

Inventory:

Hand Weapons
 a - a +0 spectral long sword (weapon)
 C - a +2 falchion of holy wrath
 D - a +0 giant spiked club
Armour
 b - a +0 scale mail
 c - a +0 buckler
 h - a +0 pair of gloves
 v - a +0 plate armour (worn)
 y - a +3 ring mail
 B - the +4 kite shield "Xicw" (worn) {rPois rF+ rN+}
   (You found it on level 6 of the Dungeon)

   rF:        It protects you from fire.
   rPois:     It protects you from poison.
   rN:        It protects you from negative energy.
 E - the +0 pair of gloves of Autotheism (worn) {rC+}
   (You found it on level 7 of the Dungeon)

   rC:        It protects you from cold.
Jewellery
 m - a +6 ring of strength (left hand)
 n - an amulet of guardian spirit (around neck)
 q - a ring of wizardry (right hand)
Wands
 o - a wand of polymorph (18)
 r - a wand of flame (5) (quivered)
Scrolls
 e - 3 scrolls of fog
 k - 4 scrolls of identify
 p - 2 scrolls of blinking
 t - 2 scrolls of teleportation
 u - a scroll of brand weapon
 x - a scroll of noise
Potions
 d - a potion of might
 f - 2 potions of degeneration {unknown}
 g - a potion of cancellation {unknown}
 i - a potion of invisibility {unknown}
 j - 2 potions of mutation
 l - 3 potions of curing
 s - 2 potions of lignification
 w - a potion of resistance {unknown}
 z - a potion of heal wounds {unknown}
 A - a potion of brilliance {unknown}


   Skills:
 + Level 5.6 Fighting
 + Level 8.8 Long Blades
 + Level 7.0 Armour
 + Level 2.3 Dodging
 + Level 2.0 Stealth
 + Level 5.5 Shields
 + Level 1.3 Evocations


You had 8 spell levels left.
You didn't know any spells.
Your spell library contained the following spells:

 Spells                   Type           Power      Damage    Failure   Level
 Foxfire                  Conj/Fire      0%         2x1d4     96%         1
 Ensorcelled Hibernation  Hex/Ice        0%         N/A       99%         2
 Slow                     Hex            0%         N/A       99%         2
 Confusing Touch          Hex            0%         N/A       100%        3
 Conjure Flame            Conj/Fire      0%         6-21      100%        3
 Inner Flame              Hex/Fire       0%         N/A       100%        3
 Tukima's Dance           Hex            0%         N/A       100%        3
 Flame Wave               Conj/Fire      0%         3d3       100%        4
 Summon Forest            Summ/Tloc      0%         N/A       100%        5
 Summon Mana Viper        Hex/Summ       0%         N/A       100%        5
 Yara's Violent Unravell  Hex/Tmut       0%         3d3       100%        5
 Summon Cactus Giant      Summ           0%         N/A       100%        6


Dungeon Overview and Level Annotations

Branches:
Dungeon (8/15)             Temple (0/1) D:5
   Lair: D:8-11

Portals:
Abyss: D:7

Annotations:
D:7 2 transporters, frimble's ghost, novice OpWr


Innate Abilities, Weirdness & Mutations

Your attributes grow dramatically as you level up.
You have an increased reservoir of magic. (+10% MP)
You shall have no god before yourself.


Message History

You destroy the wight!
The wight hits you with a +3 halberd! The wight barely misses you.
A wight comes into view. It is wielding a +3 war axe.
Your life force feels restored.
Your Stealth skill increases to level 2!
You slash the wight!
The wight is heavily damaged.
Your +0 spectral long sword barely misses the wight.
You block the wight's attack. x2; The wight hits you with a +3 halberd!
* * * LOW HITPOINT WARNING * * *
You partially resist.
You feel drained.
* * * LOW HITPOINT WARNING * * *
Blink to where?
Press: ? - help, Dir - move target
As you read the scroll of blinking, it crumbles to dust.
You hit the wight.
The wight is moderately damaged.
The wight hits you with a +3 war axe.
* * * LOW HITPOINT WARNING * * *
You partially resist.
You feel drained.
* * * LOW HITPOINT WARNING * * *
You hit the wight but do no damage.
The wight is moderately damaged.
You block the wight's attack. x2
You closely miss the wight.
The wight is moderately damaged.
You block the wight's attack. The wight hits you with a +3 war axe.
* * * LOW HITPOINT WARNING * * *
You closely miss the wight.
The wight is moderately damaged.
The wight barely misses you. You block the wight's attack.
You closely miss the wight.
The wight is moderately damaged.
The wight hits you from afar with a +3 halberd!
* * * LOW HITPOINT WARNING * * *
You partially resist.
You feel drained.
* * * LOW HITPOINT WARNING * * *
The wight hits you but does no damage.
The wight hits you from afar with a +0 halberd.
You die...

...... .##.....####.#
#.)<...
......####......# ..
#......
...........##.#.#
###.........
.....##....##.#.####
####......
....z#))......#....##
#......
...oo)z..z....####..####
#...... #...###≈###o..#
##....# ##..... ...
#.#≈#.#..o########.#
#..... #.
#.#≈#.###.zz@......##
####.# #
...#≈#.....z###......#
###.#≈#.###..###.####..#
#.#≈#.#...###..# #.#
###≈###.#.###.## ...
......#.....# ####
..####..#### ... #..# ..
#.).


You could see 3 wights and 2 orcs.

Vanquished Creatures
  A two-headed ogre (D:8)
  A slime creature (D:7)
  A wyvern (D:6)
  3 yaks (D:8)
  A steam dragon (D:7)
  A water moccasin (D:7)
  A sky beast (D:6)
  3 orc warriors (D:8)
  An ogre (D:7)
  A black bear (D:5)
  3 necrophages
  3 centaurs
  4 phantoms
  A kobold brigand (D:7)
  2 scorpions
  A bullfrog (D:8)
  3 howler monkeys
  5 wights
  A bullfrog zombie (D:7)
  3 hounds
  An orc priest (D:8)
  A jelly (D:7)
  A centaur skeleton (D:6)
  6 orc wizards
  A killer bee zombie (D:8)
  Robin (D:4)
  2 howler monkey skeletons
  6 adders
  A river rat (D:5)
  A white imp (D:7)
  2 worms (D:3)
  4 dart slugs
  22 orcs
  6 ball pythons
  6 endoplasms
  2 giant cockroaches
  11 goblins
  10 hobgoblins
  2 jackals (D:2)
  4 quokkas
  3 bats
  A frilled lizard (D:1)
  4 kobolds
  5 rats
143 creatures vanquished.

Vanquished Creatures (others)
  2 orc wizards
  A jackal (D:2)
3 creatures vanquished.

Grand Total: 146 creatures vanquished

Notes
Turn   | Place    | Note
-------+----------+-------------------------------------------
     0 | D:1      | peenler the Demigod Fighter began the quest for the Orb.
     0 | D:1      | Reached XP level 1. HP: 18/18 MP: 3/3
   400 | D:1      | Reached XP level 2. HP: 7/25 MP: 4/4
   832 | D:1      | Reached skill level 2 in Long Blades
  1349 | D:2      | Reached XP level 3. HP: 12/30 MP: 5/5
  2773 | D:3      | Reached XP level 4. HP: 24/38 MP: 4/6
  3049 | D:4      | Reached skill level 3 in Long Blades
  3117 | D:4      | Noticed a phantom
  3130 | D:4      | Killed a phantom
  3131 | D:4      | Reached skill level 1 in Dodging
  3131 | D:4      | Reached XP level 5. HP: 39/45 MP: 5/7
  3568 | D:4      | Noticed Robin
  3578 | D:4      | Killed Robin
  3752 | D:5      | Entered Level 5 of the Dungeon
  3764 | D:5      | Noticed a black bear
  3776 | D:5      | Killed a black bear
  3777 | D:5      | Reached skill level 4 in Long Blades
  3777 | D:5      | Reached XP level 6. HP: 28/51 MP: 5/8
  4004 | D:5      | Reached XP level 7. HP: 41/58 MP: 7/9
  4120 | D:5      | Found a staircase to the Ecumenical Temple.
  4556 | D:5      | Reached skill level 5 in Long Blades
  5211 | D:6      | Reached skill level 6 in Long Blades
  5217 | D:6      | Identified the +4 kite shield "Xicw" {rPois rF+ rN+}
  5303 | D:6      | Reached skill level 5 in Armour
  5402 | D:6      | Noticed a wyvern
  5406 | D:6      | Killed a wyvern
  5407 | D:6      | Reached XP level 8. HP: 65/66 MP: 8/10
  5712 | D:7      | Noticed a slime creature
  5733 | D:7      | Reached skill level 7 in Long Blades
  5782 | D:7      | Killed a slime creature
  6059 | D:7      | Found a transporter.
  6060 | D:7      | Found a transporter.
  6083 | D:7      | Found a one-way gate to the infinite horrors of the Abyss.
  6083 | D:7      | Noticed frimble's ghost (novice OpWr)
  6095 | D:7      | Noticed a toenail golem
  6344 | D:7      | Reached skill level 8 in Long Blades
  6344 | D:7      | Reached XP level 9. HP: 64/73 MP: 8/11
  6656 | D:7      | Identified the +0 pair of gloves of Autotheism {rC+}
  6701 | D:7      | Reached skill level 5 in Fighting
  7154 | D:8      | Noticed a two-headed ogre
  7169 | D:8      | Reached skill level 1 in Stealth
  7169 | D:8      | Reached skill level 5 in Shields
  7197 | D:8      | Killed a two-headed ogre
  7198 | D:8      | Reached skill level 1 in Evocations
  7384 | D:8      | HP: 3/71 [wight (1)]
  7384 | D:8      | Slain by a wight

Illustrated notes

Levels and vault maps discovered:
D:1:      mushboom_english_gardens, layout_loops_cross,
          hellmonk_ecumenical_altar_heavens_door
D:2:      layout_rooms
D:3:      layout_loops_ring, minmay_diced_spiral
D:4:      layout_loops_cross, glass_columns_c, due_unseen_surprise, uniq_robin
D:5:      layout_loops_ring, lemuel_coloured_pillars_altar,
          minmay_temple_entry_tees, gup_sewer_entry_bubbles,
          amcnicky_mini_rare_corridor_liquid
D:6:      layout_loops_ring, minmay_quadrilaterals
D:7:      layout_loops_ring, kennysheep_mini_moat, serial_glass,
          glass_columns_a, glass_columns_a, gammafunk_ghost_abyssal_escape,
          minmay_bent
D:8:      layout_rooms, grunt_ministairs_10, grunt_decor_cap, grunt_tough_drop,
          uniq_pikel

Skill      XL: |  1  2  3  4  5  6  7  8  9 |
---------------+----------------------------+-----
Armour         | 3 4 5 6 7 |  7.0
Long Blades    | 2 3 4 6 8 |  8.8
Fighting       | 3 4 5 |  5.6
Shields        | 3 4 5 |  5.5
Dodging        | 1 2 |  2.3
Stealth        | 2 |  2.0
Evocations     | 1 |  1.3

Action                   |  1- 3 |  4- 6 |  7- 9 || total
-------------------------+-------+-------+-------++-------
Melee: Long sword        |   140 |    54 |   229 ||   423
Evoke: Wand              |       |     3 |     8 ||    11
  Use: Scroll            |     5 |     2 |     3 ||    10
       Potion            |       |     2 |       ||     2
 Stab: Distracted        |       |       |     3 ||     3
Armor: Scale mail        |    99 |    19 |     1 ||   119
       Skin              |       |     1 |     2 ||     3
       Plate armour      |       |       |   122 ||   122
Dodge: Dodged            |   107 |    21 |    65 ||   193
Block: Buckler           |    27 |     9 |    10 ||    46
       Kite shield       |       |       |   115 ||   115

Table legend: (Time is in decaauts)
 A = Elapsed time spent in this place.
 B = Non-inter-level travel time spent in this place.
 C = Inter-level travel time spent in this place.
 D = Time resting spent in this place.
 E = Time spent auto-exploring this place.
 F = Levels seen in this place.
 G = Mean time per level.
                   A        B        C        D        E       F      G
               +--------+--------+--------+--------+--------+-----+--------+
         Total |   7524 |   7444 |     80 |   1715 |   3797 |   8 |  940.5 |
       Dungeon |   7524 |   7444 |     80 |   1715 |   3797 |   8 |  940.5 |
               +--------+--------+--------+--------+--------+-----+--------+

Top non-repeatable levels by time:
     D:1: 1350 daAuts
     D:5: 1193 daAuts
     D:7: 1080 daAuts
     D:2: 897 daAuts
     D:6: 819 daAuts
     D:3: 808 daAuts
     D:4: 747 daAuts
     D:8: 628 daAuts
